 Dungeon Crawl Stone Soup version 0.17-a0-1447-g3d113ad (webtiles) character file.

32 urechis the Skirmisher (level 3, -1/26 HPs)
             Began as an Octopode Fighter on June 29, 2015.
             Slain by a kobold
             ... wielding a +0 whip
              (3 damage)
             ... on level 2 of the Dungeon.
             The game lasted 00:01:35 (846 turns).

urechis the Skirmisher (Octopode Fighter)            Turns: 846, Time: 00:01:36

Health: -1/26      AC:  1    Str: 15    XL:     3   Next: 27%
Magic:  3/3        EV: 10    Int: 10    God:
Gold:   92         SH:  8    Dex: 12    Spells: 0 memorised, 2 levels left

rFire  . . .     SeeInvis .     a - +0 long sword
rCold  . . .     Clarity  .     b - +0 shield
rNeg   . . .     SustAt   .     (helmet restricted)
rPois  .         Gourm    .     (no amulet)
rElec  .         Spirit   .     (no ring)
rCorr  .         Warding  .     (no ring)
rMut   .         Stasis   .     (no ring)
MR     .....                    (no ring)
Stlth  ++........               (no ring)
                                (no ring)
                                (no ring)
                                (no ring)

@: lethally poisoned (-1 -> -7), not resistant to hostile enchantments,
unstealthy
A: almost no armour, amphibious, 8 rings, constrict 8, camouflage 1, gelatinous
body 1
a: no special abilities


You were on level 2 of the Dungeon.
You were not hungry.

You visited 1 branch of the dungeon, and saw 2 of its levels.

You collected 92 gold pieces.

Inventory:

Hand weapons
 a - a +0 long sword (weapon)
Armour
 b - a +0 shield (worn)
Scrolls
 e - 3 scrolls of recharging {unknown}
 g - 2 scrolls of magic mapping {unknown}
 i - 3 scrolls of identify {unknown}
 l - 3 scrolls of remove curse {unknown}
 m - a scroll of immolation {unknown}
Potions
 c - a potion of might
 f - a potion of brilliance {unknown}
 h - a potion of heal wounds {unknown}
 k - 2 potions of flight {unknown}
 n - a potion of invisibility {unknown}
Comestibles
 d - 3 bread rations
 j - 2 meat rations


   Skills:
 + Level 3.6 Fighting
 + Level 2.9 Long Blades
 - Level 3.0 Dodging
 - Level 3.0 Shields


You had 2 spell levels left.
You didn't know any spells.

Dungeon Overview and Level Annotations

Branches:
Dungeon (2/15)

Altars:


Innate Abilities, Weirdness & Mutations

You cannot wear most types of armour.
You are amphibious.
You can wear up to eight rings at the same time.
You can use your tentacles to constrict eight enemies at once.
Your skin changes colour to match your surroundings (Stealth).
Your rubbery body absorbs attacks (AC +1).


Message History

The adder bites you.
You are more poisoned.
The adder poisons you! The adder bites you.
You closely miss the adder. Your grab misses the adder.
Your squeeze misses the adder.
The adder is severely wounded.
You feel sick. The adder bites you.
* * * LOW HITPOINT WARNING * * *
The adder bites you.
* * * LOW HITPOINT WARNING * * *
You are too injured to fight recklessly!
There is a lethal amount of poison in your body!
Your shield prevents you from hitting the adder.
You grab the adder.
You squeeze the adder, but do no damage.
The adder is severely wounded.
You constrict the adder.
* * * LOW HITPOINT WARNING * * *
You feel sick. You block the adder's attack. The kobold hits you with a whip.
You die...

.# .. ##. ##.# .. #####..
... ...!.##.. ##.......
#. .......# #
.......##..)..# .
.#.........SK..# #
##...........@..#####.
####.<...................
....................###..
###..<.............##
................(..###...
.......................#
....................####
.......(...#.....####
...###############


You could see an adder and a kobold.

Vanquished Creatures
  6 goblins (D:1)
  3 hobgoblins (D:1)
  5 kobolds
  9 bats
  3 giant newts
  5 rats (D:1)
31 creatures vanquished.

Notes
Turn   | Place    | Note
--------------------------------------------------------------
     0 | D:1      | urechis the Octopode Fighter began the quest for the Orb.
     0 | D:1      | Reached XP level 1. HP: 16/16 MP: 1/1
   142 | D:1      | Reached XP level 2. HP: 17/21 MP: 2/2
   434 | D:1      | Reached XP level 3. HP: 21/26 MP: 3/3
   779 | D:2      | Found a faded altar to an unknown god.
   846 | D:2      | Slain by a kobold

Vault maps used:
D:1:      dpeg_arrival_subterranean_lakeside_camping
D:2:      old_standard_altar, ecumenical_altar_2, minmay_box_of_dots

Action                   || total
-------------------------++-------
Melee: Long sword        ||    64
 Stab: Sleeping          ||     4
